 Dungeon Crawl Stone Soup version 0.22.0-18-ge075c0d (webtiles) character file.

365 sw3dish the Skirmisher (level 6, 0/39 HPs)
             Began as a Gargoyle Gladiator on Aug 19, 2018.
             Slain by a hippogriff (1 damage)
             ... on level 4 of the Dungeon.
             The game lasted 00:05:53 (3324 turns).

sw3dish the Skirmisher (Gargoyle Gladiator)         Turns: 3324, Time: 00:05:53

Health: 0/39       AC: 18    Str: 18    XL:     6   Next: 68%
Magic:  6/6        EV:  6    Int:  8    God:
Gold:   279        SH:  0    Dex: 13    Spells: 5/5 levels left

rFire    . . .     SeeInvis .   a - +0 war axe
rCold    . . .     Gourm    .   (no shield)
rNeg     + . .     Faith    .   o - +0 plate armour
rPois    ∞         Spirit   .   c - +0 helmet
rElec    +         Reflect  .   n - +0 cloak
rCorr    .         Harm     .   (no gloves)
MR       .....                  q - +0 pair of boots
Stlth    ..........             (no amulet)
HPRegen  0.13/turn              (no ring)
MPRegen  0.10/turn              (no ring)

@: no status effects
A: negative energy resistance 1, electricity resistance, unbreathing,
petrification resistance, rot immunity, AC +4
a: no special abilities


You were on level 4 of the Dungeon.
You were near starving.

You visited 1 branch of the dungeon, and saw 4 of its levels.

You collected 279 gold pieces.

Inventory:

Hand Weapons
 a - a +0 war axe (weapon)
Missiles
 d - 3 throwing nets (quivered)
Armour
 c - a +0 helmet (worn)
 n - a +0 cloak (worn)
 o - a +0 plate armour (worn)
 q - a +0 pair of boots (worn)
Wands
 p - a wand of polymorph (11)
Scrolls
 b - a scroll of remove curse {unknown}
 e - 5 scrolls of teleportation {unknown}
 g - a scroll of noise {unknown}
 i - 5 scrolls of identify {unknown}
 k - a scroll of blinking {unknown}
 l - a scroll of enchant armour {unknown}
 m - a scroll of amnesia {unknown}
 r - a scroll of fear {unknown}
 t - a scroll of enchant weapon {unknown}
Potions
 h - a potion of lignification {unknown}
 j - a potion of flight {unknown}
 s - a potion of mutation {unknown}
 u - a potion of curing {unknown}
 v - 2 potions of cancellation {unknown}
Comestibles
 f - 7 rations


   Skills:
 * Level 4.7 Fighting
 * Level 4.4 Axes
 - Level 1.7 Throwing
 + Level 2.5 Armour
 + Level 3.1 Dodging


You had 5 spell levels left.
You didn't know any spells.
Your spell library was empty.

Dungeon Overview and Level Annotations

Branches:
Dungeon (4/15)
 Temple: D:4-7

Altars:
Dithmenos
Gozag
Nemelex Xobeh
Ru
Vehumet
Wu Jian
Xom
The Shining One


Innate Abilities, Weirdness & Mutations

You are resistant to torment.
Your stone body is resilient. (AC +4)
You are immune to poison.
You resist negative energy. (rN+)
You are resistant to electric shocks. (rElec)
You can survive without breathing.
You are immune to petrification.
You are immune to rotting.


Message History

The hippogriff barely misses you.
The hippogriff claws you but does no damage.
Your plate armour prevents you from hitting the hippogriff.
The hippogriff is heavily wounded.
The hippogriff bites you.
* * * LOW HITPOINT WARNING * * *
The hippogriff pecks you but does no damage.
The hippogriff claws you but does no damage.
You hit the hippogriff.
The hippogriff is heavily wounded.
The hippogriff barely misses you. x2; The hippogriff completely misses you.
Your plate armour prevents you from hitting the hippogriff.
The hippogriff is heavily wounded.
The hippogriff bites you.
* * * LOW HITPOINT WARNING * * *
The hippogriff pecks you but does no damage.
The hippogriff barely misses you. The hippogriff bites you.
* * * LOW HITPOINT WARNING * * *
The hippogriff pecks you.
You die...

# #.# #.# # #.# #.# #
#.#####.### #
#(........# #
########### # #.. #
#.# ### #H# ..# #@#
..##############.#
.................#
..################
..<............
....###########
....### #######
.#....# #.....#
.#..#.#########.###.#


You could see a hippogriff.

Vanquished Creatures
  An ogre (D:4)
  2 hounds (D:4)
  An iguana (D:4)
  Robin (D:2)
  5 adders
  2 oozes
  An adder skeleton (D:4)
  A worm (D:2)
  2 dart slugs
  2 leopard geckos
  13 orcs
  3 giant cockroaches
  15 hobgoblins
  5 jackals (D:3)
  3 quokkas
  2 ball pythons
  12 bats
  5 frilled lizards
  22 goblins
  3 kobolds
  2 leopard gecko skeletons (D:4)
  5 rats
108 creatures vanquished.

Vanquished Creatures (others)
  A scorpion (D:4)
  An adder (D:4)
  A frilled lizard (D:4)
3 creatures vanquished.

Grand Total: 111 creatures vanquished

Notes
Turn   | Place    | Note
-------+----------+-------------------------------------------
     0 | D:1      | sw3dish the Gargoyle Gladiator began the quest for the Orb.
     0 | D:1      | Reached XP level 1. HP: 12/12 MP: 1/1
   169 | D:1      | Reached XP level 2. HP: 15/18 MP: 2/2
   429 | D:1      | Reached XP level 3. HP: 21/22 MP: 3/3
   694 | D:1      | Reached skill level 1 in Armour
   971 | D:2      | Reached XP level 4. HP: 25/28 MP: 4/4
  1344 | D:2      | Noticed Robin
  1423 | D:2      | Killed Robin
  1699 | D:3      | Reached XP level 5. HP: 31/33 MP: 5/5
  1902 | D:3      | Found a glowing golden altar of the Shining One.
  1957 | D:3      | Found a shadowy altar of Dithmenos.
  1957 | D:3      | Found a sacrificial altar of Ru.
  1957 | D:3      | Found a radiant altar of Vehumet.
  1957 | D:3      | Found a sparkling altar of Nemelex Xobeh.
  1958 | D:3      | Found an opulent altar of Gozag.
  2565 | D:4      | Found an ornate altar of the Wu Jian Council.
  2745 | D:4      | Reached XP level 6. HP: 36/39 MP: 6/6
  2763 | D:4      | Found a shimmering altar of Xom.
  3314 | D:4      | Noticed a hippogriff
  3324 | D:4      | HP: 1/39 [hippogriff (6)]
  3324 | D:4      | Slain by a hippogriff

Skill      XL: |  1  2  3  4  5 |
---------------+----------------+-----
Axes           | 3 4 |  4.4
Armour         | 1 2 |  2.5
Fighting       | 3 4 |  4.7
Dodging        | 3 |  3.1
Throwing       | |  1.7

Action                   |  1- 3 |  4- 6 || total
-------------------------+-------+-------++-------
Melee: War axe           |   117 |   273 ||   390
 Stab: Confused          |       |     1 ||     1
  Eat: Chunk             |       |     7 ||     7
Armor: Leather armour    |     7 |       ||     7
       Scale mail        |    71 |   107 ||   178
       Plate armour      |       |   125 ||   125
Dodge: Dodged            |    87 |   132 ||   219
